 Dungeon Crawl Stone Soup version 0.29.0-15-g675c0067aa (webtiles) character file.

Game seed: 7150479615150512017

2 qw the Sneak (level 1, -3/14 HPs)
             Began as a Gargoyle Delver on Sept 11, 2022.
             Was an Initiate of Okawaru.
             Slain by a hound (5 damage)
             ... on level 5 of the Dungeon.
             The game lasted 00:00:07 (299 turns).

qw the Sneak (Gargoyle Delver)                       Turns: 299, Time: 00:00:07

Health: -3/14      AC:  5    Str: 15    XL:     1   Next: 30%
Magic:  1/1        EV: 11    Int: 10    God:    Okawaru [......]
Gold:   0          SH:  0    Dex: 11    Spells: 0/0 levels left

rFire   . . .      SeeInvis .   a - +0 hand axe
rCold   . . .      Faith    .   (no shield)
rNeg    + . .      Spirit   .   b - +0 leather armour
rPois   inf        Reflect  .   (no helmet)
rElec   +          Harm     .   (no cloak)
rCorr   .          Rampage  .   (no gloves)
Will    .....                   (no boots)
Stlth   +++.......              (no amulet)
HPRegen 0.04/turn               (no ring)
MPRegen 0.07/turn               (no ring)

@: no status effects
A: sickness immunity, AC +2, negative energy resistance 1, electricity
resistance, torment resistance 1, petrification resistance
a: Renounce Religion


You were on level 5 of the Dungeon.
You worshipped Okawaru.
Okawaru was noncommittal.
You visited 2 branches of the dungeon, and saw 2 of its levels.


Innate Abilities, Weirdness & Mutations

You are immune to sickness and miasma.
Your stone body is resilient. (AC +2)
You are immune to poison.
You resist negative energy. (rN+)
You are resistant to electric shocks. (rElec)
You are resistant to unholy torment.
You are immune to petrification.


   Skills:
 - Level 3.2 Fighting
 + Level 2.0 Axes
 - Level 1.5 Dodging
 - Level 5.4 Stealth


You couldn't memorise any spells.
You didn't know any spells.
Your spell library was empty.

Inventory:

Hand Weapons
 a - a +0 hand axe (weapon)
 c - a +0 whip
Armour
 b - a +0 leather armour (worn)
Wands
 g - a wand of digging (3)
Potions
 f - a potion of haste

Dungeon Overview and Level Annotations

Branches:
Dungeon (5/15)             Temple (1/1) D:5

Altars:
Cheibriados
Elyvilon
Gozag
Hepliaklqana
Kikubaaqudgha
Makhleb
Nemelex Xobeh
Okawaru
Qazlal
Sif Muna
Uskayaw
Vehumet
Wu Jian
Xom
Yredelemnul
Zin


Message History

You miss the hound. The hound closely misses you. x2
You closely miss the hound. The hound closely misses you. The hound bites you.
You closely miss the hound. The hound bites you.
You barely miss the hound. The hound completely misses you.
The hound barely misses you.
You closely miss the hound. The hound bites you.
The hound completely misses you.
You barely miss the hound. The hound closely misses you.
The hound bites you but does no damage.
You barely miss the hound. The hound closely misses you. x2
You miss the hound. The hound bites you.
You closely miss the hound.
The hound bites you but does no damage. x2
You hit the hound.
The hound is lightly wounded.
The hound closely misses you. The hound bites you but does no damage.
You hit the hound.
The hound is moderately wounded.
The hound barely misses you. x2
You completely miss the hound.
The hound is moderately wounded.
The hound bites you. The hound bites you but does no damage.
You hit the hound.
The hound is heavily wounded.
The hound closely misses you.
You miss the hound.
The hound is heavily wounded.
The hound completely misses you. The hound barely misses you.
You barely miss the hound.
The hound is heavily wounded.
The hound misses you. The hound bites you but does no damage.
You closely miss the hound.
The hound is heavily wounded.
The hound misses you. The hound bites you.
You die...

#...............#
#...............+
#...............#
#..........b....#
#...)>..........+
##.?.............##
...#...........#..+
.#.#.#########.#.##
...#.# #.#@# .>...#
#.#h#
...#.#######.#.#.#
##.#.........#.#.#
#.###########.#.#
#.............#.#
###############.#
#.#


You could see a hound.

Vanquished Creatures
  An orc (D:5)
1 creature vanquished.

Notes
Turn   | Place    | Note
-------+----------+-------------------------------------------
     0 | D:5      | qw the Gargoyle Delver began the quest for the Orb.
     0 | D:5      | Reached XP level 1. HP: 14/14 MP: 1/1
     0 | D:5      | 0 ||| qw: Version: 0.1-a-117-gfe26ee0
     0 | D:5      | 0 ||| qw: Game counter: 10132
     0 | D:5      | 0 ||| qw: Always use a shield: true
     0 | D:5      | 0 ||| qw: God list: Okawaru
     0 | D:5      | 0 ||| qw: Allow faded altars: false
     0 | D:5      | 0 ||| qw: Do Orc after D:15 true
     0 | D:5      | 0 ||| qw: Do second Lair branch before Depths: true
     0 | D:5      | 0 ||| qw: Lair rune preference: random
     0 | D:5      | 0 ||| qw: Plans: Normal
     0 | D:5      | 0 ||| PLANNING D:1-11
     3 | D:5      | Found a staircase to the Ecumenical Temple.
     4 | D:5      | 4 ||| PLANNING TEMPLE
     4 | D:5      | 4 ||| DROPPING ring of magical power.
     5 | D:5      | 5 ||| DROPPING scroll of fog.
     6 | D:5      | 6 ||| DROPPING scroll of magic mapping.
     7 | D:5      | 7 ||| DROPPING scroll of fear.
    13 | Temple   | Entered the Ecumenical Temple
   190 | Temple   | 190 ||| PLANNING D:1-11
   203 | Temple   | Became a worshipper of Warmaster Okawaru
   270 | D:5      | Noticed a hound
   295 | D:5      | HP: 2/14 [hound (5)]
   299 | D:5      | Slain by a hound

Levels and vault maps discovered:
D:5:      layout_basic, minmay_temple_entry_butterflies, uniq_sigmund
Temple:   nicolae_temple_bog_church

Skill      XL: |  1 |
---------------+----+-----
Axes           | 2 |  2.0
Fighting       | |  3.2
Dodging        | |  1.5
Stealth        | |  5.4

Action                   || total
-------------------------++-------
Melee: Hand axe          ||    20
Armor: Leather armour    ||     6
Dodge: Dodged            ||    20

Table legend:
 A = Non-vault XP
 B = Vault XP
 C = Vault XP percentage of total XP
 D = Non-vault monster count
 E = Vault monster count
 F = Vault count percentage of total count
                 A         B        C        D         E       F
            +---------+---------+-------+---------+---------+-------
      Total |       3 |       0 |   0.0 |       1 |       0 |   0.0
            +---------+---------+-------+---------+---------+-------
        D:5 |       3 |       0 |   0.0 |       1 |       0 |   0.0
            +---------+---------+-------+---------+---------+-------
